 Dungeon Crawl Stone Soup version 0.31-b1-20-g67cafac56d (webtiles) character file.

Game seed: 4194063239129453736

892 Esekla the Covert (level 8, 0/54 HPs)
             Began as an Octopode Delver on Jan 17, 2024.
             Was an Initiate of Gozag.
             Slain by a gnoll sergeant
             ... wielding a +0 spear
              (7 damage)
             ... on level 6 of the Dungeon on Jan 18, 2024.
             The game lasted 00:27:39 (4950 turns).

Esekla the Covert (Octopode Delver)                 Turns: 4950, Time: 00:27:39

Health: 0/54       AC:  1    Str: 12    XL:     8   Next: 6%
Magic:  11/11      EV: 14    Int: 14    God:    Gozag
Gold:   940        SH:  0    Dex: 13    Spells: 9/11 levels left

rFire   . . .        a - +0 long sword
rCold   . . .        (no shield)
rNeg    . . .        (helmet restricted)
rPois   .            (no amulet)
rElec   .            m - ring of wizardry
rCorr   .            d - ring of willpower
SInv    .            (no ring)
Will    +....        (no ring)
Stlth   +++++        (no ring)
HPRegen 0.29/turn    (no ring)
MPRegen 0.12/turn    (no ring)
                     (no ring)

%: wizardry (x1)
@: no status effects
A: almost no armour, amphibious, 8 rings, camouflage 1, gelatinous body 1,
(nimble swimmer 1), tentacles
a: Renounce Religion, Potion Petition, Call Merchant, Bribe Branch


You were on level 6 of the Dungeon.
You worshipped Gozag.
Gozag was pleased with you.
You visited 2 branches of the dungeon, and saw 8 of its levels.

You collected 945 gold pieces.
You paid 5 gold pieces to Gozag.

Inventory:

Hand Weapons
 a - a +0 long sword (weapon)
 s - a +0 dagger
Missiles
 l - 23 poisoned darts (quivered)
Jewellery
 d - a ring of willpower (right tentacle)
 m - a ring of wizardry (left tentacle)
Wands
 f - a wand of digging (10)
 i - a wand of iceblast (26)
Scrolls
 b - 2 scrolls of fog
 c - 3 scrolls of amnesia {unknown}
 h - 7 scrolls of identify {unknown}
 j - 2 scrolls of teleportation {unknown}
 k - a scroll of vulnerability {unknown}
 p - 2 scrolls of noise {unknown}
 q - a scroll of butterflies {unknown}
 x - a scroll of enchant armour {unknown}
Potions
 e - a potion of haste
 g - 3 potions of heal wounds {unknown}
 n - a potion of curing
 o - 3 potions of degeneration {unknown}
 r - a potion of attraction {unknown}
 t - 2 potions of enlightenment {unknown}
 u - a potion of ambrosia {unknown}
 v - a potion of lignification {unknown}
 w - a potion of resistance {unknown}


   Skills:
 * Level 4.1 Fighting
 + Level 0.6(3.3) Short Blades
 * Level 5.3 Long Blades
 * Level 3.3 Dodging
 + Level 9.0 Stealth
 * Level 2.1 Spellcasting
 * Level 1.0 Conjurations
 * Level 2.3 Translocations
 * Level 1.0 Alchemy


You had 9 spell levels left.
You knew the following spells:

 Your Spells              Type           Power      Damage    Failure   Level
b - Blink                 Tloc           16%        N/A       6%          2

Your spell library contained the following spells:

 Spells                   Type           Power      Damage    Failure   Level
 Lesser Beckoning         Tloc           16%        N/A       6%          2
 Momentum Strike          Conj/Tloc      12%        3d8       8%          2
 Summon Small Mammal      Summ           4%         N/A       10%         1
 Ensorcelled Hibernation  Hex/Ice        2%         N/A       14%         2
 Call Canine Familiar     Summ           1%         N/A       26%         3
 Inner Flame              Hex/Fire       1%         N/A       26%         3
 Passwall                 Erth           1%         N/A       26%         3
 Swiftness                Air            1%         N/A       26%         3
 Summon Blazeheart Golem  Fire/Summ      1%         N/A       65%         4
 Irradiate                Conj/Alch      2%         3d12      82%         5
 Ignition                 Fire           0%         3d3       100%        8


Dungeon Overview and Level Annotations

Branches:
Dungeon (7/15)             Temple (1/1) D:5

Altars:
Ashenzari
Cheibriados
Dithmenos
Elyvilon
Fedhas
Gozag
Hepliaklqana
Kikubaaqudgha
Makhleb
Nemelex Xobeh
Okawaru
Qazlal
Ru
Sif Muna
Uskayaw
Vehumet
Wu Jian
Xom
Yredelemnul
Zin
The Shining One

Shops:
D:2 [   D:5 (

Annotations:
Temple 2 transporters


Innate Abilities, Weirdness & Mutations

You cannot wear most types of armour.
You are amphibious.
You can wear up to eight rings at the same time.
Your skin changes colour to match your surroundings (Stealth+).
Your rubbery body absorbs attacks. (AC +1, EV +1)
((You are camouflaged when in or above water. (Stealth+)))
You have tentacles for arms and can constrict up to eight enemies at once.


Message History

You now have 912 gold pieces (gained 4).
You now have 928 gold pieces (gained 16).
You see here a +0 flail.
You now have 932 gold pieces (gained 4).
You see here a +0 club.
You now have 940 gold pieces (gained 8).
Things that are here:
a +0 spear; 8 stones
s - a +0 dagger (weapon)
You start resting.
A gnoll sergeant is nearby!
You see here a +0 flail.
You hit the gnoll sergeant. Your grab misses the gnoll sergeant.
You squeeze the gnoll sergeant, but do no damage.
The gnoll sergeant is lightly wounded.
The gnoll sergeant hits you with a +0 spear!
a - a +0 long sword (weapon)
The gnoll sergeant blocks your attack. x2
The gnoll sergeant is lightly wounded.
The gnoll sergeant hits you with a +0 spear!
You hit the gnoll sergeant but do no damage.
You grab the gnoll sergeant. You squeeze the gnoll sergeant.
The gnoll sergeant is moderately wounded.
You constrict the gnoll sergeant, but do no damage.
The gnoll sergeant hits you with a +0 spear!
* * * LOW HITPOINT WARNING * * *
You feel better.
You constrict the gnoll sergeant, but do no damage.
The gnoll sergeant hits you with a +0 spear!
* * * LOW HITPOINT WARNING * * *
You feel better.
You constrict the gnoll sergeant. The gnoll sergeant barely misses you.
You hit the gnoll sergeant but do no damage.
The gnoll sergeant is moderately wounded.
You constrict the gnoll sergeant.
The gnoll sergeant hits you with a +0 spear!
* * * LOW HITPOINT WARNING * * *
The gnoll sergeant hits you with a +0 spear!
You die...
Your body crumbles into a pile of gold.

##..### ##..##
###..## ####...##
###.....##
####........##
##............#
##.............##
##..g@...........##
#.................#
##.......<........#
##..............##
#..............#
##.............#
##...<.......##
#.....).....#
##...).....##


You could see a gnoll sergeant.

Vanquished Creatures
  A black bear (D:5)
  A centaur (D:6)
  A bullfrog (D:6)
  3 scorpions
  2 jellies
  An orc priest (D:6)
  3 sleepcaps
  An iguana (D:5)
  4 orc wizards
  5 gnolls
  3 adders
  4 ribbon worms
  3 dart slugs
  7 orcs
  10 ball pythons
  5 endoplasms
  4 giant cockroaches
  8 hobgoblins
  5 jackals
  6 quokkas
  8 bats
  5 frilled lizards
  11 goblins
  3 kobolds
  9 rats
113 creatures vanquished.

Notes
Turn   | Place    | Note
-------+----------+-------------------------------------------
     0 | D:5      | Esekla the Octopode Delver began the quest for the Orb.
     0 | D:5      | Reached XP level 1. HP: 16/16 MP: 1/1
     7 | D:5      | Noticed a scorpion
    75 | D:5      | Noticed a black bear
    90 | D:5      | Noticed a sleepcap
   115 | D:5      | Found Vuc Abei's Antique Weapon Shoppe.
   119 | D:5      | Found a staircase to the Ecumenical Temple.
   129 | Temple   | Found a transporter.
   129 | Temple   | Found a transporter.
   129 | Temple   | Found a transporter.
   129 | Temple   | Found a transporter.
   129 | Temple   | Entered the Ecumenical Temple
   145 | Temple   | Became a worshipper of Gozag Ym Sagoz the Greedy
   191 | D:5      | Noticed an iguana
   281 | D:6      | Found a glowing silver altar of Zin.
   302 | D:6      | Found a glowing golden altar of the Shining One.
   467 | D:7      | Noticed a bullfrog
   563 | D:6      | Noticed a gnoll sergeant
   575 | D:6      | Noticed a bullfrog
   585 | D:6      | Killed a bullfrog
   586 | D:6      | Reached skill level 7 in Stealth
   586 | D:6      | Reached skill level 1 in Translocations
   586 | D:6      | Reached XP level 2. HP: 8/21 MP: 1/3
   586 | D:6      | Reached XP level 3. HP: 10/26 MP: 1/4
   586 | D:6      | Reached XP level 4. HP: 11/31 MP: 1/5
   668 | D:5      | Noticed a scorpion
   706 | D:4      | Reached skill level 1 in Spellcasting
   909 | D:2      | Found Til Daomm's Armour Shop.
  1268 | D:1      | Found a faded altar of an unknown god.
  1449 | D:1      | Reached XP level 5. HP: 35/36 MP: 6/6
  1715 | D:1      | Reached skill level 8 in Stealth
  2472 | D:3      | Reached XP level 6. HP: 27/42 MP: 7/7
  2668 | D:3      | Identified the +0 pair of gloves "Opny" {^Contam Int+5
                  | SInv}
  3684 | D:4      | Found a white marble altar of Elyvilon.
  3684 | D:4      | Found a blossoming altar of Fedhas.
  3867 | D:5      | Killed a black bear
  3941 | D:5      | Reached XP level 7. HP: 47/47 MP: 9/9
  4262 | D:5      | Learned a level 2 spell: Blink
  4704 | D:6      | Reached skill level 5 in Long Blades
  4704 | D:6      | Reached skill level 9 in Stealth
  4904 | D:6      | Reached skill level 1 in Conjurations
  4904 | D:6      | Reached skill level 1 in Alchemy
  4904 | D:6      | Reached XP level 8. HP: 54/54 MP: 11/11
  4950 | D:6      | Slain by a gnoll sergeant

Illustrated notes

Levels and vault maps discovered:
D:1:      beargit_arrival_greenhouse, layout_basic,
          hellmonk_ecumenical_altar_pennies_from_heaven,
          nicolae_figureground_pulse
D:2:      layout_rooms, serial_shops, shop, kennysheep_generic_room_16
D:3:      layout_basic, serial_bayou_lagoon_b
D:4:      layout_basic, gammafunk_temple_overflow_pools
D:5:      layout_loops_ring, minmay_temple_entry_statues, serial_shops,
          nicolae_shop_stone
D:6:      layout_cave_pods, lemuel_doored_altar, lemuel_round_altar
D:7:      minmay_the_grid_octo_2x2 [minmay_the_grid_octo_vomiting_pacman,
          minmay_the_grid_octo_clover_2, minmay_the_grid_octo_77,
          minmay_the_grid_octo_prize_square_snowflake], layout_rooms
Temple:   hellmonk_temple_divided_pantheon

Skill      XL: |  1  2  3  4  5  6  7 |
---------------+----------------------+-----
Stealth        | 7 8 9 |  9.0
Translocations | 1 2 |  2.3
Spellcasting   | 1 2 |  2.1
Long Blades    | 3 4 5 |  5.3
Dodging        | 3 |  3.3
Fighting       | 4 |  4.1
Conjurations   | 1 |  1.0
Alchemy        | 1 |  1.0
Short Blades   | |  0.6

Action                     |  1- 3 |  4- 6 |  7- 9 || total
---------------------------+-------+-------+-------++-------
  Melee: Long sword        |     4 |   175 |    40 ||   219
         Constrict         |     2 |    36 |    12 ||    50
         Tentacles         |     2 |    34 |    16 ||    52
         Falchion          |     1 |       |       ||     1
         Dagger            |       |    17 |     9 ||    26
         Punch             |       |     2 |     1 ||     3
  Throw: Dart              |       |     2 |       ||     2
  Evoke: Wand              |     1 |       |       ||     1
    Use: Scroll            |     1 |       |     1 ||     2
         Potion            |       |       |     3 ||     3
   Stab: Sleeping          |       |    26 |     4 ||    30
         Distracted        |       |       |     1 ||     1
 Armour: Skin              |     2 |    77 |    30 ||   109
  Dodge: Dodged            |     5 |   108 |    37 ||   150
